Map: King's Cove LE

Players

Parkkatz - Winner!

  • Race: Zerg Zerg
  • League: Platinum
  • Spawn Location: 11:00

Nazcarperu

  • Race: Terran Terran
  • League: Silver
  • Spawn Location: 5:00

VOD

Have the link to the VOD?

Description

Time

  • Played on: June 29, 2019, 12:27 a.m.
  • Length: 6:02
Show
View Real Time Build Order
Export as new Build Order

Parkkatz Zerg - Winner!

Build Orders: Hatch First 

Get SALT Encoding   

  12  0:01  Drone  
  13  0:13  Overlord  
  13  0:18  Drone  
  14  0:39  Drone x2  
  14  0:40  Drone  
  17  0:58  Drone  
  17  0:59  Hatchery  
  17  1:12  Spawning Pool  
  17  1:15  Drone  
  17  1:25  Drone x2  
  19  1:29  Extractor  
  18  1:34  Drone  
  19  1:51  Overlord  
  19  1:59  Queen  
  21  2:03  Zergling x2  
  22  2:09  Zergling x2  
  22  2:12  Queen  
  22  2:14  Drone  
  26  2:20  Drone  
  27  2:32  Drone  
  27  2:33  Drone  
  27  2:36  Queen  
  31  2:38  Drone x2  
  31  2:44  Overlord  
  31  3:03  Zergling x6  
  33  3:16  Zergling x6  
  36  3:25  Roach Warren  
  34  3:30  Extractor  
  33  3:34  Spine Crawler  
  31  4:12  Overlord x2  
  31  4:36  Roach x3  
  31  5:03  Roach x3  
  37  5:19  Roach  
  37  5:20  Roach x3, Ravager  
Show
View Real Time Build Order
Export as new Build Order

Nazcarperu Terran 

Build Orders:  

Get SALT Encoding   

  12  0:01  SCV  
  13  0:15  Supply Depot  
  13  0:19  SCV  
  14  0:32  SCV  
  15  0:42  Supply Depot  
  15  0:44  SCV  
  16  0:56  SCV  
  17  1:00  Barracks  
  17  1:10  Supply Depot  
  17  1:20  Barracks  
  17  1:24  SCV  
  18  1:38  SCV  
  19  1:42  Refinery  
  19  1:48  Marine  
  20  1:58  SCV  
  21  2:06  Marine, Barracks  
  21  2:08  Marine  
  23  2:24  Marine  
  23  2:26  Marine  
  25  2:42  Marine  
  25  2:44  Supply Depot, Marine  
  27  2:54  Marine  
  27  2:59  Marine, Bunker  
  27  3:01  Marine  
  29  3:06  Supply Depot  
  29  3:12  Marine  
  30  3:17  Marine  
  30  3:19  Marine  
  32  3:30  Marine  
  33  3:35  Marine  
  33  3:37  Marine  
  35  3:48  Marine  
  35  3:53  Marine  
  35  3:55  Marine  
  35  4:06  Marine  
  35  4:07  Bunker  
  35  4:11  Marine  
  35  4:13  Marine  
  34  4:23  Marine  
  30  4:28  Marine  
  30  4:30  Marine  
  29  4:36  SCV  
  27  4:41  Marine  
  23  4:46  Marine  
  23  4:48  Marine, SCV  
  24  4:59  Marine  
  19  5:04  Marine  
  19  5:06  Marine  
  15  5:17  Marine  
  16  5:37  SCV  
Tags
 
Matchup
TvZ
Replay Pack
SC2 replays
Spawn Locations
Cross Positions
Add a new tag
Caveats
  • Supply blocks, unpowered buildings, or Contaminate may cause inaccurate times.
  • Supply counts are checked every 10 seconds.